 Dungeon Crawl Stone Soup version 0.28-a0-565-g7719699fd9 (webtiles) character file.

Game seed: 4384642264960280482

21 Drevant2 the Covered (level 2, 24/24 HPs)
             Began as a Barachi Fighter on Sept 30, 2021.
             Was a Follower of Uskayaw.
             Got out of the dungeon alive.
             The game lasted 00:03:05 (1040 turns).

Drevant2 the Covered (Barachi Fighter)              Turns: 1040, Time: 00:03:05

Health: 24/24      AC:  6    Str: 17    XL:     2   Next: 87%
Magic:  2/2        EV:  9    Int:  8    God:    Uskayaw [*.....]
Gold:   38         SH:  4    Dex: 11    Spells: 1/1 levels left

rFire   . . .      SeeInvis .   e - +2 short sword (vamp)
rCold   . . .      Faith    .   c - +0 buckler
rNeg    . . .      Spirit   .   b - +0 scale mail
rPois   .          Reflect  .   (no helmet)
rElec   .          Harm     .   (no cloak)
rCorr   .          Rampage  .   (no gloves)
Will    .....                   (no boots)
Stlth   ..........              (no amulet)
HPRegen 0.08/turn               (no ring)
MPRegen 0.08/turn               (no ring)

@: slow
A: amphibious, slowness 1, strong legs 1, +LOS
a: Hop, Renounce Religion, Stomp


You escaped.
You worshipped Uskayaw.
Uskayaw was noncommittal.
You visited 1 branch of the dungeon, and saw 1 of its levels.

You collected 38 gold pieces.

Inventory:

Hand Weapons
 a - a +0 long sword
 e - a +2 vampiric short sword (weapon)
Armour
 b - a +0 scale mail (worn)
 c - a +0 buckler (worn)
Jewellery
 f - a ring of resist corrosion
Scrolls
 g - a scroll of identify {unknown}
 i - a scroll of magic mapping {unknown}
Potions
 d - a potion of might
 h - a potion of curing {unknown}
 j - a potion of lignification {unknown}


   Skills:
 - Level 3.6 Fighting
 * Level 1.7(2.4) Short Blades
 - Level 2.8(3.1) Long Blades
 - Level 3.6 Armour
 + Level 3.6 Shields


You had one spell level left.
You didn't know any spells.
Your spell library contained the following spells:

 Spells                   Type           Power      Damage    Failure   Level
 Hailstorm                Conj/Ice       0%         3d3       100%        4
 Ice Form                 Ice/Tmut       0%         N/A       100%        4
 Fireball                 Conj/Fire      0%         3d3       100%        5
 Iskenderun's Battlesphe  Conj           0%         2d6       100%        5
 Conjure Ball Lightning   Conj/Air       0%         3x3d6     100%        6
 Simulacrum               Ice/Necr       0%         N/A       100%        6
 Orb of Destruction       Conj           0%         N/A       100%        7


Dungeon Overview and Level Annotations

Branches:
Dungeon (1/15)

Altars:
Uskayaw


Innate Abilities, Weirdness & Mutations

You are amphibious.
You cover ground slowly.
You can hop short distances.
You have an extended range of vision and can be seen from far away.


Message History

Okay, then.
There's nothing to open nearby.
You don't know any spells.
Okay, then.
You remove your ring of resist corrosion.
You are a level 2 Barachi Fighter.
You are 87% of the way to level 3.
Play time: 00:02:18 (843 turns).
Zot will find you in 5009 turns if you stay in this branch and explore no new floors.
Okay, then.
Save game and exit? [Y]es or [N]o only, please.
Save game and exit?
Welcome back, Drevant2 the Barachi Fighter.
Uskayaw says: Surrender yourself to the rhythm!
Press ? for a list of commands and other information.
Welcome back, Drevant2 the Barachi Fighter.
Uskayaw says: Surrender yourself to the rhythm!
Press ? for a list of commands and other information.
Done exploring.
Done exploring.
Done exploring.
Done exploring.
Done exploring.
Unknown command.
Search for what [? for help]?
Okay, then.
As you open the door, it creaks loudly!
There is an open door here.
You open the door.
There is an open door here.
There is an open door here.
There is a stone staircase leading down here.
There is a stone staircase leading down here.
There is an open door here.
There is a staircase leading out of the dungeon here.
You can't go down here!
Are you sure you want to leave the Dungeon?
This will make you lose the game!
Alright, then stay!
Are you sure you want to leave the Dungeon?
This will make you lose the game!
You have escaped!

##########
#.........
#.........
#..#####.. #..#
#.. #### #..
♣♣♣♣♣♣♣♣♣♣♣ #..
#@.......>♣
##.. #♣♣
#♣.......♣♣
#...
#≈♣♣♣...♣.....♣
#...
#≈≈♣♣♣..♣.♣..♣#
#.##
#≈≈≈#..♣♣.♣♣..#
#.##
#♣≈≈≈♣........♣
#...
♣≈≈≈≈..♣.....♣
####
♣♣≈≈≈≈≈≈≈≈...♣
#.##
♣♣≈≈≈≈≈≈≈≈≈≈♣#♣
#..#


There were no monsters in sight!

Vanquished Creatures
  2 ball pythons (D:1)
  2 endoplasms (D:1)
  A giant cockroach (D:1)
  A goblin (D:1)
  4 hobgoblins (D:1)
  2 jackals (D:1)
  2 quokkas (D:1)
  A bat (D:1)
  A frilled lizard (D:1)
  A kobold (D:1)
  A rat (D:1)
18 creatures vanquished.

Notes
Turn   | Place    | Note
-------+----------+-------------------------------------------
     0 | D:1      | Drevant2 the Barachi Fighter began the quest for the Orb.
     0 | D:1      | Reached XP level 1. HP: 18/18 MP: 1/1
   261 | D:1      | Reached XP level 2. HP: 24/24 MP: 2/2
   306 | D:1      | Reached skill level 1 in Short Blades
   358 | D:1      | Found a faded altar of an unknown god.
   378 | D:1      | Became a worshipper of Uskayaw the Reveller
   378 | D:1      | Reached * piety under Uskayaw
   721 | D:1      | Reached ** piety under Uskayaw
   843 | D:1      | Upgraded the game from 0.28-a0-563-gf77a47075d to
                  | 0.28-a0-565-g7719699fd9
  1040 | D:$      | Got out of the dungeon alive.

Illustrated notes

Levels and vault maps discovered:
D:1:      lemuel_arrival_river_ford, layout_loops_corners,
          basic_ecumenical_altar

Skill      XL: |  1  2 |
---------------+-------+-----
Short Blades   | 1 |  1.7
Fighting       | |  3.6
Long Blades    | |  2.8
Armour         | |  3.6
Shields        | |  3.6

Action                   || total
-------------------------++-------
Melee: Long sword        ||    14
       Short sword       ||    42
Armor: Scale mail        ||    16
Dodge: Dodged            ||    26
Block: Buckler           ||     7

Table legend: (Time is in decaauts)
 A = Elapsed time spent in this place.
 B = Non-inter-level travel time spent in this place.
 C = Inter-level travel time spent in this place.
 D = Time resting spent in this place.
 E = Time spent auto-exploring this place.
 F = Levels seen in this place.
 G = Mean time per level.
                   A        B        C        D        E       F      G
               +--------+--------+--------+--------+--------+-----+--------+
         Total |   1226 |    992 |    234 |      0 |    850 |   1 | 1226.0 |
       Dungeon |   1226 |    992 |    234 |      0 |    850 |   1 | 1226.0 |
               +--------+--------+--------+--------+--------+-----+--------+

Top non-repeatable levels by time:
     D:1: 1226 daAuts
